 Dungeon Crawl Stone Soup version 0.19.1-1-g22dce08 (webtiles) character file.

382 theAP the Shield-Bearer (level 6, 0/39 HPs)
             Began as a Gargoyle Fighter on Jan 11, 2017.
             Slain by Edmund
             ... wielding a +6 flail of protection
              (6 damage)
             ... on level 6 of the Dungeon.
             The game lasted 00:05:48 (1914 turns).

theAP the Shield-Bearer (Gargoyle Fighter)          Turns: 1914, Time: 00:05:48

Health: 0/39       AC: 15    Str: 21    XL:     6   Next: 76%
Magic:  6/6        EV:  7    Int:  9    God:
Gold:   176        SH:  9    Dex:  9    Spells: 0 memorised, 5 levels left

rFire  . . .     SeeInvis .     d - -3 flail (curse)
rCold  + . .     Gourm    .     q - +0 plate armour {rC+}
rNeg   + . .     Faith    .     c - +0 shield
rPois  ∞         Spirit   .     (no helmet)
rElec  +         Reflect  .     (no cloak)
rCorr  .         Harm     .     (no gloves)
MR     .....     Clarity  +     (no boots)
Stlth  ..........               (no amulet)
                                (no ring)
                                j - +3 ring of evasion

@: very slightly contaminated, hasted (expiring), very quick
A: clarity, negative energy resistance 1, electricity resistance, unbreathing,
petrification resistance, rot immunity, AC +4
a: no special abilities


You were on level 6 of the Dungeon.
You were very hungry.

You visited 1 branch of the dungeon, and saw 4 of its levels.

You collected 176 gold pieces.

Inventory:

Hand Weapons
 a - a +0 flail
 d - a cursed -3 flail (weapon)
Armour
 b - a +0 scale mail
 c - a +0 shield (worn)
 k - a +0 plate armour
 q - a +0 plate armour of cold resistance (worn)
Jewellery
 j - a +3 ring of evasion (left hand)
 o - a cursed ring of see invisible {unknown}
Scrolls
 e - a scroll of magic mapping
 g - 5 scrolls of identify
 s - 3 scrolls of enchant armour {unknown}
Potions
 i - a potion of flight
 n - a potion of lignification {unknown}
 p - a potion of cure mutation {unknown}
Comestibles
 f - 2 bread rations
 r - 2 fruits


   Skills:
 + Level 4.6 Fighting
 * Level 5.0 Maces & Flails
 - Level 3.4 Armour
 + Level 5.1 Shields


You had 5 spell levels left.
You didn't know any spells.

Dungeon Overview and Level Annotations

Branches:
Dungeon (3/15)

Altars:
Sif Muna
Vehumet

Annotations:
D:6 Edmund


Innate Abilities, Weirdness & Mutations

You are resistant to torment.
Your stone body is resilient. (AC +4)
You are immune to poison.
You resist negative energy. (rN+)
You are resistant to electric shocks. (rElec)
You can survive without breathing.
You are immune to petrification.
You are immune to rotting.
You possess an exceptional clarity of mind.


Message History

Your plate armour prevents you from hitting Edmund.
Edmund is severely wounded.
Edmund hits you but does no damage.
You hit Edmund but do no damage.
Edmund is severely wounded.
Edmund hits you with a flail of protection.
* * * LOW HITPOINT WARNING * * *
You hit Edmund but do no damage.
Edmund is severely wounded.
You barely miss Edmund.
Edmund is severely wounded.
The hound bites you but does no damage.
Edmund says, "People think my brother is the best.
I think he's crazy."
You block Edmund's attack.
You completely miss Edmund.
Edmund is heavily wounded.
Your extra speed is starting to run out.
The hound barely misses you.
Edmund hits you with a flail of protection.
You die...

#.# #..# ...
#..# ....
#..#
#...#..#
#..#..#
.....#
#..#########
#..@@h......
#.##########
#. #@ #. ..
.. .>


You could see Edmund and a hound.

Vanquished Creatures
  Sigmund (D:3)
  A bullfrog (D:6)
  An orc priest (D:3)
  Jessica (D:3)
  3 adders
  4 worms (D:3)
  A dart slug (D:2)
  3 leopard geckos
  8 orcs (D:3)
  4 giant cockroaches
  14 goblins
  9 hobgoblins
  3 jackals (D:2)
  2 kobolds
  2 quokkas
  4 rats
61 creatures vanquished.

Vanquished Creatures (others)
  2 orcs (D:3)
2 creatures vanquished.

Grand Total: 63 creatures vanquished

Notes
Turn   | Place    | Note
-------+----------+-------------------------------------------
     0 | D:1      | theAP the Gargoyle Fighter began the quest for the Orb.
     0 | D:1      | Reached XP level 1. HP: 14/14 MP: 1/1
   189 | D:1      | Reached XP level 2. HP: 19/19 MP: 2/2
   543 | D:2      | Reached XP level 3. HP: 23/23 MP: 3/3
  1122 | D:2      | Found a deep blue altar of Sif Muna.
  1335 | D:3      | Noticed Jessica
  1339 | D:3      | Killed Jessica
  1339 | D:3      | Reached XP level 4. HP: 29/29 MP: 4/4
  1456 | D:3      | Found a radiant altar of Vehumet.
  1629 | D:3      | Reached XP level 5. HP: 32/33 MP: 5/5
  1667 | D:3      | Noticed Sigmund
  1675 | D:3      | Killed Sigmund
  1675 | D:3      | Reached skill level 5 in Shields
  1675 | D:3      | Reached XP level 6. HP: 36/39 MP: 6/6
  1850 | D:3      | You fall through a shaft for 3 floors!
  1851 | D:6      | Noticed Edmund
  1866 | D:6      | Reached skill level 5 in Maces & Flails
  1894 | D:6      | Gained mutation: You possess an exceptional clarity of mind. [potion of beneficial mutation]
  1894 | D:6      | HP: 1/39 [Edmund/flail of protection (6)]
  1914 | D:6      | Slain by Edmund

Skill      XL: |  1  2  3  4  5  6 |
---------------+-------------------+-----
Shields        | 4 5 |  5.1
Maces & Flails | 3 4 5 |  5.0
Fighting       | 4 |  4.6
Armour         | |  3.4

Action                   |  1- 3 |  4- 6 || total
-------------------------+-------+-------++-------
Melee: Flail             |   139 |   166 ||   305
  Use: Scroll            |     5 |       ||     5
       Potion            |       |     4 ||     4
  Eat: Chunk             |     2 |     1 ||     3
Armor: Scale mail        |    18 |       ||    18
       Plate armour      |    55 |    70 ||   125
Dodge: Dodged            |    49 |    33 ||    82
Block: Shield            |    70 |    65 ||   135
